 Dungeon Crawl Stone Soup version 0.22-a0-407-gb098539 (webtiles) character file.

1681 galech the Fighter (level 9, 0/76 HPs)
             Began as a Gnoll Wanderer on May 9, 2018.
             Was a Follower of Okawaru.
             Slain by a yak (15 damage)
             ... on level 6 of the Dungeon.
             The game lasted 00:09:43 (5761 turns).

galech the Fighter (Gnoll Wanderer)                 Turns: 5761, Time: 00:09:43

Health: 0/76       AC:  9    Str: 16    XL:     9   Next: 2%
Magic:  12/14      EV: 21    Int: 12    God:    Okawaru [*.....]
Gold:   334        SH:  2    Dex: 19    Spells: 9/15 levels left

rFire    . . .     SeeInvis .   o - +3 spear
rCold    . . .     Gourm    .   (no shield)
rNeg     . . .     Faith    .   G - +3 leather armour {rPois}
rPois    +         Spirit   .   y - +0 helmet
rElec    .         Reflect  +   (no cloak)
rCorr    .         Harm     .   (no gloves)
MR       .....                  t - +0 pair of boots
Stlth    ++++......             p - +2 amulet of reflection
HPRegen  0.22/turn              (no ring)
MPRegen  0.14/turn              w - ring of poison resistance

@: heroism
A: distributed training, fangs 1, strong nose
a: Heroism, Renounce Religion


You were on level 6 of the Dungeon.
You worshipped Okawaru.
Okawaru was aware of your devotion.
You were not hungry.

You visited 2 branches of the dungeon, and saw 7 of its levels.

You collected 334 gold pieces.

Inventory:

Hand Weapons
 c - a +0 spear
 o - a +3 spear (weapon)
 C - a +0 vampiric trident
Armour
 j - a +0 ring mail
 t - a +0 pair of boots (worn)
 y - a +0 helmet (worn)
 E - a +0 chain mail
 G - a +3 leather armour of poison resistance (worn)
Jewellery
 k - an uncursed ring of see invisible
 p - a +2 amulet of reflection (around neck)
 w - a ring of poison resistance (right hand)
Wands
 e - a wand of disintegration (10)
 A - a wand of flame (31)
Scrolls
 a - a scroll of blinking
 b - a scroll of fear
 g - 2 scrolls of remove curse
 h - 3 scrolls of teleportation
 i - 2 scrolls of amnesia {unknown}
 l - 8 scrolls of identify
 m - a scroll of fog
 n - 3 scrolls of enchant armour {unknown}
 x - a scroll of enchant weapon {unknown}
Potions
 d - 6 potions of curing
 q - a potion of resistance {unknown}
 r - a potion of agility {unknown}
 s - a potion of might {unknown}
 u - 2 potions of magic {unknown}
 v - a potion of heal wounds {unknown}
 z - a potion of mutation {unknown}
 B - a potion of lignification {unknown}
 F - a potion of haste {unknown}
Comestibles
 f - 12 rations


   Skills:
 + Level 9.3(14.3) Fighting
 + Level 3.7(8.7) Short Blades
 + Level 3.7(8.7) Long Blades
 + Level 3.7(8.7) Axes
 + Level 3.7(8.7) Maces & Flails
 + Level 3.7(8.7) Polearms
 + Level 3.7(8.7) Staves
 + Level 3.7(8.7) Slings
 + Level 3.7(8.7) Bows
 + Level 3.7(8.7) Crossbows
 + Level 6.0(11.0) Throwing
 + Level 3.7(8.7) Armour
 + Level 6.0(11.0) Dodging
 + Level 4.4(9.4) Stealth
 + Level 3.7(8.7) Shields
 + Level 4.5(9.5) Unarmed Combat
 + Level 3.7 Spellcasting
 + Level 3.0 Conjurations
 + Level 3.0 Hexes
 + Level 3.0 Charms
 + Level 3.0 Summonings
 + Level 3.0 Necromancy
 + Level 3.0 Translocations
 + Level 3.0 Transmutations
 + Level 3.0 Fire Magic
 + Level 3.0 Ice Magic
 + Level 3.0 Air Magic
 + Level 3.0 Earth Magic
 + Level 3.0 Poison Magic
 + Level 4.1 Invocations
 + Level 3.7 Evocations


You had 9 spell levels left.
You knew the following spells:

 Your Spells              Type           Power        Failure   Level  Hunger
a - Regeneration          Chrm/Necr      #.........   22%         3    ###....
b - Spectral Weapon       Hex/Chrm       #.......     22%         3    ###....


Dungeon Overview and Level Annotations

Branches:
Dungeon (6/15)             Temple (1/1) D:4

Altars:
Ashenzari
Cheibriados
Dithmenos
Gozag
Hepliaklqana
Kikubaaqudgha
Makhleb
Nemelex Xobeh
Okawaru
Qazlal
Ru
Sif Muna
Uskayaw
Vehumet
Xom
The Shining One


Innate Abilities, Weirdness & Mutations

Your experience applies equally to all skills.
You have very sharp teeth.
Your uncanny sense of smell can sniff out nearby items.


Message History

You hit the yak.
The yak is heavily wounded.
The yak gores you!
* * * LOW HITPOINT WARNING * * *
You gain the combat prowess of a mighty hero.
The jackal stops to sniff the ground.
The yak closely misses you.
You completely miss the yak. Your bite misses the yak.
The yak is heavily wounded.
The yak barely misses you.
You hit the yak but do no damage. You bite the yak, but do no damage.
The yak is heavily wounded.
You hit the yak.
The yak is heavily wounded.
The yak gores you.
* * * LOW HITPOINT WARNING * * *
You puncture the yak!
The yak is severely wounded.
The yak gores you!
You die...

.##
##........................#
..#
#..........#..###.......###
#<##
#....................####
#..###.....####.....####..#
##.##.....)#$.##...##..#..#
#..#......#...##.##...#..#
##.......[##..h#.#...##..#
#........)##YY#.#'.##...#
##..####...###@..###....#
#..###........8........#
##..#..(..###...###...##
###.......##)'#.#')##..#
#........##...#.#...##.#
#........#...##.##...#.#
#........#).##...##..#.#
#........####.....####.#
#......................#


You could see a yak, an ice beast and a jackal.

Vanquished Creatures
  Grinder (D:4)
  Eustachio (D:6)
  4 ogres
  A bullfrog (D:6)
  A crimson imp (D:6)
  A bullfrog zombie (D:5)
  3 orc priests
  2 hounds
  7 orc wizards
  Ijyb (D:4)
  7 worker ants
  A worker ant zombie (D:5)
  Robin (D:3)
  8 gnolls
  A howler monkey zombie (D:5)
  11 adders
  A shadow imp (D:5)
  An ooze (D:1)
  5 worms
  A dart slug (D:1)
  4 leopard geckos
  14 orcs
  10 goblins
  9 hobgoblins
  7 jackals (D:4)
  5 kobolds
  A quokka (D:2)
  A ball python (D:6)
  3 bats
  2 frilled lizards
  A leopard gecko zombie (D:6)
  2 quokka skeletons
  5 rats
123 creatures vanquished.

Vanquished Creatures (others)
  An orc wizard (D:3)
1 creature vanquished.

Grand Total: 124 creatures vanquished

Notes
Turn   | Place    | Note
-------+----------+-------------------------------------------
     0 | D:1      | galech the Gnoll Wanderer began the quest for the Orb.
     0 | D:1      | galech set off with: a scroll of blinking, a scroll of fear, a +0 spear, a potion of curing, a +0 robe, a ration
     0 | D:1      | Reached XP level 1. HP: 26/26 MP: 1/1
    86 | D:1      | Reached XP level 2. HP: 21/33 MP: 2/2
   464 | D:1      | Reached XP level 3. HP: 35/38 MP: 3/3
   922 | D:2      | Reached skill level 1 in Invocations
  1154 | D:2      | Reached skill level 1 in Short Blades
  1154 | D:2      | Reached skill level 1 in Long Blades
  1154 | D:2      | Reached skill level 1 in Axes
  1154 | D:2      | Reached skill level 1 in Maces & Flails
  1154 | D:2      | Reached skill level 1 in Polearms
  1154 | D:2      | Reached skill level 1 in Staves
  1154 | D:2      | Reached skill level 1 in Slings
  1154 | D:2      | Reached skill level 1 in Bows
  1154 | D:2      | Reached skill level 1 in Crossbows
  1154 | D:2      | Reached skill level 1 in Armour
  1154 | D:2      | Reached skill level 1 in Shields
  1154 | D:2      | Reached skill level 1 in Spellcasting
  1154 | D:2      | Reached skill level 1 in Evocations
  1154 | D:2      | Reached XP level 4. HP: 44/45 MP: 5/5
  1618 | D:3      | Found a shimmering altar of Xom.
  1624 | D:3      | Found a glowing golden altar of the Shining One.
  1705 | D:3      | Found an opulent altar of Gozag.
  1914 | D:3      | Reached skill level 1 in Conjurations
  1914 | D:3      | Reached skill level 1 in Hexes
  1914 | D:3      | Reached skill level 1 in Charms
  1914 | D:3      | Reached skill level 1 in Summonings
  1914 | D:3      | Reached skill level 1 in Necromancy
  1914 | D:3      | Reached skill level 1 in Translocations
  1914 | D:3      | Reached skill level 1 in Transmutations
  1914 | D:3      | Reached skill level 1 in Fire Magic
  1914 | D:3      | Reached skill level 1 in Ice Magic
  1914 | D:3      | Reached skill level 1 in Air Magic
  1914 | D:3      | Reached skill level 1 in Earth Magic
  1914 | D:3      | Reached skill level 1 in Poison Magic
  2010 | D:3      | Noticed Robin
  2030 | D:3      | Reached XP level 5. HP: 50/51 MP: 5/7
  2290 | D:3      | Killed Robin
  2564 | D:4      | Reached XP level 6. HP: 43/57 MP: 8/8
  2617 | D:4      | Noticed Grinder
  2621 | D:4      | Paralysed by Grinder for 4 turns
  2764 | D:4      | Paralysed by Grinder for 3 turns
  2778 | D:4      | Paralysed by Grinder for 7 turns
  2785 | D:4      | Killed Grinder
  2785 | D:4      | Reached skill level 5 in Throwing
  2785 | D:4      | Reached skill level 5 in Dodging
  2785 | D:4      | Reached XP level 7. HP: 34/63 MP: 8/10
  3024 | D:4      | Noticed Ijyb
  3054 | D:4      | Killed Ijyb
  3189 | D:4      | Found a staircase to the Ecumenical Temple.
  3204 | Temple   | Entered the Ecumenical Temple
  3255 | Temple   | Became a worshipper of Warmaster Okawaru
  3801 | D:4      | Found an opulent altar of Gozag.
  4067 | D:5      | Entered Level 5 of the Dungeon
  4074 | D:5      | Found a burning altar of Makhleb.
  4081 | D:5      | Reached skill level 9 in Fighting
  4158 | D:5      | Reached XP level 8. HP: 71/71 MP: 12/12
  4368 | D:5      | Reached * piety under Okawaru
  4435 | D:5      | Found a sparkling altar of Nemelex Xobeh.
  5082 | D:6      | Noticed Eustachio
  5124 | D:6      | Killed Eustachio
  5711 | D:6      | Learned a level 3 spell: Regeneration
  5715 | D:6      | Learned a level 3 spell: Spectral Weapon
  5733 | D:6      | Reached XP level 9. HP: 75/76 MP: 14/14
  5761 | D:6      | Slain by a yak

Vault maps used:
D:1:      dpeg_arrival_stonehenge_8_columns
D:2:      kennysheep_big_flooded_room
D:3:      minitemple, grunt_gozag_breadcrumbs, uniq_robin
D:4:      kennysheep_little_box, minmay_temple_entry_crystal_x, first_ration,
          dk_noncrumbling_3, uniq_grinder, uniq_ijyb
D:5:      nemelex_xobeh_ov_fountains_minmay, lemuel_round_altar
D:6:      cheibrodos_barr_body, nicolae_overflow_crystal_walls,
          chequers_temple_overflow_statue_of_worship, grunt_decor_one_mirror,
          uniq_sigmund, uniq_eustachio
Temple:   nicolae_temple_hex_pool

Skill      XL: |  1  2  3  4  5  6  7  8 |
---------------+-------------------------+-----
Invocations    | 1 2 3 4 |  4.1
Short Blades   | 1 2 3 |  3.7
Long Blades    | 1 2 3 |  3.7
Axes           | 1 2 3 |  3.7
Maces & Flails | 1 2 3 |  3.7
Polearms       | 1 2 3 |  3.7
Staves         | 1 2 3 |  3.7
Slings         | 1 2 3 |  3.7
Bows           | 1 2 3 |  3.7
Crossbows      | 1 2 3 |  3.7
Armour         | 1 2 3 |  3.7
Shields        | 1 2 3 |  3.7
Spellcasting   | 1 2 3 |  3.7
Evocations     | 1 2 3 |  3.7
Conjurations   | 1 2 3 |  3.0
Hexes          | 1 2 3 |  3.0
Charms         | 1 2 3 |  3.0
Summonings     | 1 2 3 |  3.0
Necromancy     | 1 2 3 |  3.0
Translocations | 1 2 3 |  3.0
Transmutations | 1 2 3 |  3.0
Fire Magic     | 1 2 3 |  3.0
Ice Magic      | 1 2 3 |  3.0
Air Magic      | 1 2 3 |  3.0
Earth Magic    | 1 2 3 |  3.0
Poison Magic   | 1 2 3 |  3.0
Unarmed Combat | 3 4 |  4.5
Stealth        | 3 4 |  4.4
Throwing       | 5 6 |  6.0
Dodging        | 5 6 |  6.0
Fighting       | 9 |  9.3

Action                   |  1- 3 |  4- 6 |  7- 9 || total
-------------------------+-------+-------+-------++-------
Melee: Spear             |    95 |   131 |   388 ||   614
       Bite              |     9 |    12 |    50 ||    71
       Punch             |       |     1 |     7 ||     8
Invok: Heroism           |       |       |     2 ||     2
  Use: Scroll            |       |       |     3 ||     3
 Stab: Sleeping          |     2 |     2 |     7 ||    11
  Eat: Chunk             |     1 |     5 |    10 ||    16
Armor: Robe              |     1 |       |       ||     1
       Ring mail         |     8 |    43 |    39 ||    90
       Chain mail        |       |       |    80 ||    80
       Leather armour    |       |       |    12 ||    12
Dodge: Dodged            |    43 |    68 |   214 ||   325
Block: Other             |       |     6 |    25 ||    31

Table legend:
 A = Spawn XP
 B = Non-spawn XP
 C = Spawn XP percentage of total XP
 D = Spawn monster count
 E = Non-spawn monster count
 F = Spawn count percentage of total count
 G = Total turns spent on level
                    A         B        C        D         E        F      G
               +---------+---------+-------+---------+---------+-------+---------
         Total |       0 |    2402 |   0.0 |       0 |     124 |   0.0 |  5761
               +---------+---------+-------+---------+---------+-------+---------
           D:1 |       0 |      42 |   0.0 |       0 |      13 |   0.0 |   729
           D:2 |       0 |      50 |   0.0 |       0 |      16 |   0.0 |  1023
           D:3 |       0 |     202 |   0.0 |       0 |      24 |   0.0 |   904
           D:4 |       0 |     686 |   0.0 |       0 |      23 |   0.0 |  1318
           D:5 |       0 |     841 |   0.0 |       0 |      35 |   0.0 |   930
           D:6 |       0 |     581 |   0.0 |       0 |      13 |   0.0 |   764
               +---------+---------+-------+---------+---------+-------+---------
